 Dungeon Crawl Stone Soup version 0.14-a0-1637-gd423c14 (webtiles) character file.

9803 Ololoev the Imperceptible (level 11, 0/44 HPs)
             Began as a Spriggan Artificer on Dec 26, 2013.
             Was an Elder of Nemelex Xobeh.
             Succumbed to a centaur's poison
             ... on Level 10 of the Dungeon.
             The game lasted 01:06:40 (11898 turns).

Ololoev the Imperceptible (Spriggan Artificer)     Turns: 11898, Time: 01:06:41

HP   0/44        AC  3     Str  8      XL: 11   Next: 19%
MP  25/28        EV 26     Int 13      God: Nemelex Xobeh [****..]
Gold 603         SH  0     Dex 20      Spells:  0 memorised, 10 levels left

rFire  . . .     SeeInvis +     e - plain deck of summonings {drawn: 8}
rCold  . . .     Clarity  .     j - +0 robe
rNeg   . . .     Conserve .     (shield restricted)
rPois  .         rCorr    .     (helmet restricted)
rElec  .         rRot     .     u - +0 cloak
SustAb . .       Spirit   .     (gloves unavailable)
rMut   .         Warding  .     (boots unavailable)
Saprov . . .     Stasis   .     (no amulet)
                                (no ring)
                                r - ring of teleport control

@: mildly poisoned, very quick, quite resistant to hostile enchantments,
incredibly stealthy
A: unfitting armour, see invisible, herbivore 3, speed 3, frail 1, slow
metabolism 2, evolution 1
a: Draw One, Peek at Two, Triple Draw, Deal Four, Renounce Religion, Evoke
Teleport Control


You were on level 10 of the Dungeon.
You worshipped Nemelex Xobeh.
Nemelex Xobeh was greatly pleased with you.
You were not hungry.

You visited 2 branches of the dungeon, and saw 11 of its levels.

You collected 603 gold pieces.

Inventory:

Hand weapons
 a - a +3,+0 elven short sword
 k - a +3 elven blowgun
Missiles
 h - 2 needles of sleeping
 o - 2 throwing nets (quivered)
 F - 58 poisoned needles
Armour
 j - a +0 robe (worn)
 u - a +0 cloak (worn)
Magical devices
 G - a wand of digging (15)
Comestibles
 m - 5 bread rations
 H - an apple
Scrolls
 d - 2 scrolls of enchant weapon I {unknown}
 q - a scroll of acquirement {unknown}
 s - 2 scrolls of teleportation
 t - a scroll of fog {unknown}
 v - 2 scrolls of enchant armour
 x - 5 scrolls of remove curse
 y - 2 scrolls of recharging
 E - a scroll of blinking {unknown}
Jewellery
 i - an uncursed ring of fire {unknown}
 r - a ring of teleport control (left hand)
Potions
 b - a potion of confusion {unknown}
 c - a potion of speed
 f - a potion of porridge
 l - a potion of beneficial mutation {unknown}
 n - a potion of mutation {unknown}
 w - 3 potions of berserk rage {unknown}
 A - a potion of restore abilities {unknown}
 C - 2 potions of paralysis {unknown}
 D - a potion of poison {unknown}
Miscellaneous
 e - a plain deck of summonings {drawn: 8} (in hand)
 p - an ornate deck of summonings {drawn: 9}
 B - a legendary deck of destruction {drawn: 6}
Rods
 z - a +1 rod of warding (12/12)
   (You found it on level 8 of the Dungeon)


   Skills:
 - Level 1.5 Fighting
 - Level 12.1 Short Blades
 - Level 2.3 Throwing
 - Level 9.2 Dodging
 - Level 22.0 Stealth
   Level 2.3 Charms
   Level 0.6 Necromancy
 * Level 10.6 Evocations


You had 10 spell levels left.
You didn't know any spells.

Dungeon Overview and Level Annotations

Branches:
Dungeon (10/16)            Temple (1/1) D:4
    Orc: D:9-12        Lair: D:8-11

Altars:
Ashenzari
Cheibriados
Elyvilon
Fedhas
Kikubaaqudgha
Makhleb
Nemelex Xobeh
Okawaru
Sif Muna
Trog
Vehumet
Xom
Yredelemnul
Zin
the Shining One

Shops:
D:7 (


Innate Abilities, Weirdness & Mutations

You are tiny and cannot use many weapons and most armour.
You have supernaturally acute eyesight.
You are a herbivore.
You cover ground extremely quickly.
You need consume almost no food.
You are frail (-10% HP).
You evolve.


Message History

Your wyvern skeleton bites the centaur but does no damage.
Something completely misses your quasit.
Something hits your polar bear. The centaur hits your wyvern skeleton!
Your wyvern skeleton is destroyed!
You draw a card...
It is the Crusade.
Send 'em back where they came from!
The worker ant closely misses your polar bear.
You draw a card...
It is the Herd.
Nemelex Xobeh grants you a gift! Something appears at your feet!
The worker ant barely misses your polar bear.
The orc warrior hits you from afar with an orcish halberd!
* * * LOW HITPOINT WARNING * * *
The orc misses your quasit.
The orc hits your grizzly bear with an orcish hand axe.
Unknown command.
You swap places.
* * * LOW HITPOINT WARNING * * *
You feel sick.
You die...
Your body disappears without a glow.

....)....(...#
......o5.....#
......U.a....#
.......U....#
......c...h#
###....o.j.#
#..h..h..#
#######h##
#######.B@..#
.........####
##+########.....+
#.........##..####
#.........##..#
#.........##..#
#.........'...#
#.........###.#
#.........# #.#


You could see a friendly boring beetle (wandering) and a friendly hog
(wandering).

Vanquished Creatures
  2 unseen horrors
  The ghost of ilii the Skirmisher, an average DsAK of Lugonu (D:4)
  Prince Ribbit (D:7)
  2 two-headed ogres (D:9)
  3 reindeers (D:9)
  A hungry ghost (D:7)
  A hippogriff (D:9)
  A manticore (D:8)
  A sky beast (D:5)
  A black bear (D:9)
  An ice beast (D:10)
  2 phantoms
  2 ogres
  A water moccasin (D:9)
  2 centaurs
  4 giant frogs
  8 killer bees
  5 goliath beetles
  4 wights (D:6)
  2 crimson imps
  4 hounds
  2 iguanas (D:7)
  5 orc priests
  3 jellies
  6 orc wizards
  2 scorpions
  5 worker ants
  An ogre zombie (D:9)
  A big kobold skeleton (D:8)
  A mummy (D:9)
  6 gnolls
  A worker ant zombie (D:6)
  9 adders
  3 giant mites
  An inept feature mimic (D:7)
  2 worms
  2 giant eyeballs
  8 giant geckos
  19 orcs
  A bat skeleton (D:4)
  5 giant cockroaches
  12 hobgoblins
  7 jackals
  8 quokkas
  5 ball pythons
  13 bats
  3 giant newts
  13 goblins
  A hobgoblin skeleton (D:8)
  18 kobolds
  A kobold zombie (D:6)
  2 orc skeletons
  2 quokka skeletons
  9 rats
226 creatures vanquished.

Vanquished Creatures (collateral kills)
  An ugly thing (D:10)
  A hill giant zombie (D:9)
  An orc warrior (D:10)
  A centaur (D:9)
  A killer bee (D:9)
  A crimson imp (D:9)
  3 orc priests (D:10)
  A gnoll (D:4)
  3 orcs (D:10)
13 creatures vanquished.

Vanquished Creatures (others)
  A wyvern skeleton (D:10)
  A sheep (D:10)
  A white imp (D:10)
3 creatures vanquished.

Grand Total: 242 creatures vanquished

Notes
Turn   | Place    | Note
--------------------------------------------------------------
     0 | D:1      | Ololoev, the Spriggan Artificer, began the quest for the Orb.
     0 | D:1      | Reached XP level 1. HP: 9/9 MP: 2/2
   859 | D:1      | Reached XP level 2. HP: 12/14 MP: 5/5
  1432 | D:1      | Reached XP level 3. HP: 12/17 MP: 8/8
  1655 | D:2      | Reached XP level 4. HP: 12/21 MP: 10/10
  3436 | D:3      | Reached XP level 5. HP: 25/25 MP: 13/13
  3437 | D:3      | Reached skill level 5 in Stealth
  3628 | D:4      | Reached skill level 5 in Short Blades
  3710 | D:4      | Noticed a phantom
  4015 | D:4      | Reached XP level 6. HP: 10/29 MP: 16/16
  4261 | D:4      | Reached skill level 6 in Stealth
  4352 | D:4      | Killed a phantom
  4400 | D:4      | Reached skill level 5 in Evocations
  4406 | D:4      | Noticed ilii's ghost (average DsAK)
  4443 | D:4      | Killed ilii's ghost
  4443 | D:4      | Reached skill level 7 in Stealth
  4443 | D:4      | Reached XP level 7. HP: 27/32 MP: 18/20
  4539 | D:4      | Found a staircase to the Ecumenical Temple.
  4544 | Temple   | Entered the Ecumenical Temple
  4716 | Temple   | Became a worshipper of Nemelex Xobeh
  4768 | D:4      | Received a gift from Nemelex Xobeh
  4771 | D:4      | Gained mutation: You have a pair of small antennae on your head. [helix card]
  4772 | D:4      | Lost mutation: You have a pair of small antennae on your head. [helix card]
  4772 | D:4      | Gained mutation: You are robust (+10% HP). [helix card]
  4774 | D:4      | Reached skill level 22 in Stealth
  4774 | D:4      | Reached XP level 8. HP: 36/40 MP: 21/21
  4877 | D:4      | Reached XP level 9. HP: 44/44 MP: 23/23
  4985 | D:4      | Acquired Nemelex Xobeh's first power
  4986 | D:4      | Received a gift from Nemelex Xobeh
  4988 | D:4      | Paralysed by a potion of paralysis for 5 turns
  4994 | D:4      | Lost mutation: You are robust (+10% HP). [helix card]
  4994 | D:4      | Gained mutation: You evolve. [helix card]
  4997 | D:4      | Lost mutation: You evolve. [helix card]
  4997 | D:4      | Gained mutation: You evolve. [helix card]
  5002 | D:4      | Reached XP level 10. HP: 44/44 MP: 24/24
  5003 | D:4      | Gained mutation: You are frail (-10% HP). [helix card]
  5217 | D:4      | Acquired Nemelex Xobeh's second power
  5483 | D:5      | Entered Level 5 of the Dungeon
  6218 | D:6      | Noticed an unseen horror
  6284 | D:6      | Killed an unseen horror
  6334 | D:6      | Received a gift from Nemelex Xobeh
  7225 | D:6      | Acquired Nemelex Xobeh's third power
  7448 | D:7      | Reached skill level 1 in Fighting
  7456 | D:7      | Found Laucaj's Weapon Boutique.
  7684 | D:7      | Found a staircase to the Ecumenical Temple.
  7692 | D:7      | the staircase to the Ecumenical Temple was a mimic.
  7979 | D:7      | Received a gift from Nemelex Xobeh
  8015 | D:7      | Noticed Prince Ribbit
  8113 | D:7      | Killed Prince Ribbit
  8794 | D:8      | Identified a +1 rod of warding (12/12) (You found it on level 8 of the Dungeon)
  9663 | D:9      | Received a gift from Nemelex Xobeh
  9874 | D:9      | Acquired Nemelex Xobeh's fourth power
  9930 | D:9      | Received a gift from Nemelex Xobeh
 10202 | D:9      | Received a gift from Nemelex Xobeh
 10723 | D:9      | Reached XP level 11. HP: 44/44 MP: 28/28
 10887 | D:9      | Received a gift from Nemelex Xobeh
 10969 | D:9      | HP: 1/44 [centaur/arrow (15)]
 10982 | D:9      | Received a gift from Nemelex Xobeh
 11222 | D:9      | Reached skill level 10 in Evocations
 11457 | D:10     | Entered Level 10 of the Dungeon
 11501 | D:10     | Noticed an unseen horror
 11514 | D:10     | Killed an unseen horror
 11532 | D:10     | Received a gift from Nemelex Xobeh
 11556 | D:10     | HP: 1/44 [orc priest/divine providence (11)]
 11896 | D:10     | Received a gift from Nemelex Xobeh
 11896 | D:10     | HP: 2/44 [orc warrior/orcish halberd (18)]
 11898 | D:10     | Succumbed to a centaur's poison

Action                   |  1- 3 |  4- 6 |  7- 9 | 10-12 || total
-------------------------+-------+-------+-------+-------++-------
Melee: Short sword       |    84 |    13 |       |   307 ||   404
       Dagger            |       |   153 |     3 |   330 ||   486
 Fire: Blowgun           |       |       |       |    36 ||    36
Invok: Draw One          |       |       |       |    17 ||    17
       Peek at Two       |       |       |       |     7 ||     7
       Deal Four         |       |       |       |     1 ||     1
Evoke: Wand              |     3 |    36 |     1 |     7 ||    47
       Deck              |       |       |    19 |    32 ||    51
  Use: Scroll            |       |       |       |    10 ||    10
       Potion            |       |       |       |     9 ||     9
 Stab: Sleeping          |     6 |     8 |       |    52 ||    66
       Betrayed ally     |       |     1 |       |       ||     1
       Distracted        |       |       |       |     7 ||     7
